 Dungeon Crawl Stone Soup version 0.30-a0-808-g6e0788376e (webtiles) character file.

Game seed: 1298068419015223951

1164 cforsyth the Covert (level 8, -2/51 HPs)
             Began as a Kobold Brigand on Feb 26, 2023.
             Slain by an ogre
             ... wielding a +0 giant club
              (15 damage)
             ... on level 5 of the Dungeon.
             The game lasted 00:05:42 (5352 turns).

cforsyth the Covert (Kobold Brigand)                Turns: 5352, Time: 00:05:42

Health: -2/51      AC:  7    Str:  8    XL:     8   Next: 67%
Magic:  8/8        EV: 18    Int: 12    God:
Gold:   197        SH:  0    Dex: 19    Spells: 7/7 levels left

rFire   . . .      SeeInvis .    p - +1 short sword (holy)
rCold   . . .      Faith    .    (no shield)
rNeg    + . .      Spirit   .    g - +2 robe {rN+}
rPois   .          Reflect  .    t - +0 helmet
rElec   .          Harm     .    c - +0 cloak
rCorr   .          Rampage  .    (no gloves)
Will    .....                    n - +0 pair of boots
Stlth   +++++                    (no amulet)
HPRegen 0.28/turn                (no ring)
MPRegen 0.11/turn                (no ring)

@: no status effects
A: small, no large weapons, nightstalker 3
a: no special abilities


You were on level 5 of the Dungeon.
You visited 1 branch of the dungeon, and saw 5 of its levels.

You collected 197 gold pieces.

Inventory:

Hand Weapons
 a - a +2 dagger
 p - a +1 short sword of holy wrath (weapon)
Missiles
 d - 19 poisoned darts (quivered)
 e - 3 curare-tipped darts
Armour
 c - a +0 cloak (worn)
 g - a +2 robe of positive energy (worn)
 n - a +0 pair of boots (worn)
 t - a +0 helmet (worn)
Jewellery
 s - a ring of wizardry
Wands
 u - a wand of mindburst (10)
Scrolls
 b - 2 scrolls of vulnerability {unknown}
 h - a scroll of enchant weapon {unknown}
 i - a scroll of magic mapping {unknown}
 j - a scroll of enchant armour {unknown}
 l - 3 scrolls of teleportation {unknown}
 m - 4 scrolls of blinking {unknown}
 o - 3 scrolls of identify {unknown}
 q - 2 scrolls of fog {unknown}
 v - a scroll of fear {unknown}
 w - a scroll of brand weapon {unknown}
Potions
 f - 4 potions of heal wounds
 k - 2 potions of curing
 r - a potion of flight {unknown}
 x - a potion of ambrosia {unknown}
 z - a potion of cancellation {unknown}
 A - a potion of lignification {unknown}


   Skills:
 + Level 5.7 Fighting
 + Level 6.9 Short Blades
 - Level 2.1 Throwing
 + Level 5.7 Dodging
 + Level 8.8 Stealth


You had 7 spell levels left.
You didn't know any spells.
Your spell library contained the following spells:

 Spells                   Type           Power      Damage    Failure   Level
 Freeze                   Ice            0%         1d3       32%         1
 Frozen Ramparts          Ice            0%         1d1       69%         3
 Hailstorm                Conj/Ice       0%         3d3       69%         3
 Kindle Blastsparks       Fire/Tloc/Air  0%         2d10      69%         3
 Stone Arrow              Conj/Erth      0%         3d7       69%         3
 Anguish                  Hex/Necr       0%         N/A       97%         4
 Animate Armour           Summ/Erth      0%         N/A       97%         4
 Fulminant Prism          Conj/Hex       0%         3d5       97%         4
 Iskenderun's Mystic Bla  Conj/Tloc      0%         2d3       97%         4
 Lee's Rapid Deconstruct  Erth           0%         3d4*      100%        5
 Enfeeble                 Hex            0%         N/A       100%        7
 Lehudib's Crystal Spear  Conj/Erth      0%         10d2      100%        8


Dungeon Overview and Level Annotations

Branches:
Dungeon (5/15)
 Temple: D:4-7

Altars:
Ashenzari
Dithmenos
Vehumet
Wu Jian
Yredelemnul

Annotations:
D:4 1 runed translucent door, Crazy Yiuf


Innate Abilities, Weirdness & Mutations

You are small and have problems with some larger weapons.
You are completely attuned to the shadows.


Message History

The jackal closely misses you. The ogre closely misses you.
The jackal closely misses you.
You see here a jackal corpse.
You hit the ogre.
The ogre is lightly wounded.
You puncture the ogre!
The ogre is moderately wounded.
The jackal misses you.
The ogre hits you with a +0 giant club!!
You hit the ogre but do no damage.
The ogre is moderately wounded.
A jackal comes into view.
The jackal bites you but does no damage.
You hit the ogre but do no damage.
The ogre is moderately wounded.
The jackal misses you. The ogre hits you with a +0 giant club.
You hit the ogre.
The ogre is heavily wounded.
The jackal completely misses you.
You hit the ogre.
The ogre is severely wounded.
The jackal bites you but does no damage.
The ogre hits you with a +0 giant club!
* * * LOW HITPOINT WARNING * * *
You are too injured to fight recklessly!
You are too injured to fight recklessly!
You are too injured to fight recklessly!
You are too injured to fight recklessly!
You are too injured to fight recklessly!
You hit the ogre but do no damage.
The ogre is severely wounded.
The jackal closely misses you. The jackal misses you.
Unknown command.
You hit the ogre.
The ogre is severely wounded.
The jackal closely misses you. The jackal misses you.
You hit the ogre.
The ogre is almost dead.
The ogre hits you with a +0 giant club!
You die...

# ... .. #.#.#
#####.#
#.#.###.....##
#...#.....h...
#######†#....@O!..
###.......#.....h...
#.'.................
#.#.......##########
#.#....._.#
#.#...#.#.#
#.#.....#.#
#.###.#.#+#####
#.###.#........


You could see an ogre and 2 jackals.

Vanquished Creatures
  Pikel (D:4)
  An ogre (D:5)
  A lemure (D:4)
  2 phantoms
  A gnoll sergeant (D:4)
  2 scorpions
  A hound (D:4)
  3 iguanas (D:5)
  8 gnolls
  5 adders
  A worm (D:4)
  2 dart slugs
  16 orcs
  7 ball pythons
  11 endoplasms
  A giant cockroach (D:3)
  6 goblins
  5 hobgoblins
  5 jackals
  4 quokkas
  3 bats
  A frilled lizard (D:1)
  6 rats
93 creatures vanquished.

Notes
Turn   | Place    | Note
-------+----------+-------------------------------------------
     0 | D:1      | cforsyth the Kobold Brigand began the quest for the Orb.
     0 | D:1      | Reached XP level 1. HP: 12/12 MP: 1/1
   184 | D:1      | Reached XP level 2. HP: 17/18 MP: 2/2
   639 | D:1      | Reached XP level 3. HP: 22/22 MP: 3/3
   899 | D:2      | Reached XP level 4. HP: 24/27 MP: 4/4
  1199 | D:2      | Reached skill level 6 in Stealth
  1865 | D:3      | Noticed a scorpion
  1880 | D:3      | Killed a scorpion
  1881 | D:3      | Reached XP level 5. HP: 18/32 MP: 5/5
  2049 | D:3      | Noticed a phantom
  2064 | D:3      | Killed a phantom
  2065 | D:3      | Reached XP level 6. HP: 35/38 MP: 6/6
  2186 | D:3      | Found a broken altar of Ashenzari.
  2433 | D:3      | Found an ornate altar of the Wu Jian Council.
  2436 | D:3      | Found a basalt altar of Yredelemnul.
  2709 | D:4      | Reached skill level 5 in Short Blades
  2709 | D:4      | Reached skill level 7 in Stealth
  2824 | D:4      | Found a runed translucent door.
  2827 | D:4      | Noticed Crazy Yiuf
  3157 | D:4      | Reached XP level 7. HP: 34/43 MP: 7/7
  3293 | D:4      | Found a shadowy altar of Dithmenos.
  3331 | D:4      | Noticed Pikel
  3358 | D:4      | Killed Pikel
  3359 | D:4      | Reached skill level 5 in Fighting
  3359 | D:4      | Reached skill level 5 in Dodging
  3359 | D:4      | Reached skill level 8 in Stealth
  3359 | D:4      | Reached XP level 8. HP: 49/49 MP: 8/8
  3813 | D:5      | Entered Level 5 of the Dungeon
  5286 | D:5      | Found a radiant altar of Vehumet.
  5352 | D:5      | Slain by an ogre

Illustrated notes

Levels and vault maps discovered:
D:1:      dpeg_arrival_leaves_temple_mockup, layout_loops_ring
D:2:      layout_loops_ring
D:3:      minmay_spotlight, layout_rooms, nicolae_ashenzari_skybound,
          jmf_multi_god_temple, st_stairs_13
D:4:      layout_basic, grunt_dithmenos_smoke, uniq_crazy_yiuf_cottage,
          uniq_pikel
D:5:      layout_basic, overflow_temple_1_default, nzn_random_ring,
          uniq_blork_the_orc

Skill      XL: |  1  2  3  4  5  6  7 |
---------------+----------------------+-----
Short Blades   | 3 4 5 6 |  6.9
Dodging        | 2 3 4 5 |  5.7
Fighting       | 3 4 5 |  5.7
Stealth        | 6 7 8 |  8.8
Throwing       | |  2.1

Action                     |  1- 3 |  4- 6 |  7- 9 || total
---------------------------+-------+-------+-------++-------
  Melee: Dagger            |    45 |    40 |       ||    85
         Short sword       |       |   105 |   216 ||   321
         Punch             |       |     2 |     4 ||     6
    Use: Potion            |       |       |     3 ||     3
   Stab: Sleeping          |    13 |    27 |     7 ||    47
         Distracted        |     1 |     2 |       ||     3
 Armour: Robe              |     5 |    18 |    22 ||    45
  Dodge: Dodged            |    12 |    62 |   139 ||   213

Table legend: (Time is in decaauts)
 A = Elapsed time spent in this place.
 B = Non-inter-level travel time spent in this place.
 C = Inter-level travel time spent in this place.
 D = Time resting spent in this place.
 E = Time spent auto-exploring this place.
 F = Levels seen in this place.
 G = Mean time per level.
                   A        B        C        D        E       F      G
               +--------+--------+--------+--------+--------+-----+--------+
         Total |   5257 |   4887 |    370 |   1137 |   2944 |   5 | 1051.4 |
       Dungeon |   5257 |   4887 |    370 |   1137 |   2944 |   5 | 1051.4 |
               +--------+--------+--------+--------+--------+-----+--------+

Top non-repeatable levels by time:
     D:4: 1993 daAuts
     D:3: 1110 daAuts
     D:1: 962 daAuts
     D:2: 860 daAuts
     D:5: 330 daAuts
